[Event "*** Titled Tuesday Blitz"]
[Site "Chess.com"]
[Date "2020.12.29"]
[Round "9"]
[White "szachuspl"]
[Black "AlleyOoper"]
[Result "0-1"]
[WhiteElo "2492"]
[BlackElo "2621"]
[TimeControl "180+1"]
[EndTime "11:42:00 PST"]
[Termination "AlleyOoper won by resignation"]

1. d4 Nf6 2. c4 c5 3. d5 g6 4. Nc3 Bg7 5. e4 d6 6. h3 O-O 7. Nf3 e6 8. Bd3 Nbd7 9. O-O e5 10.
a3 h6 11. b4 Nh7 12. Qc2 b6 13.
Rb1 Ndf6 14. Bd2 Nh5 15. Nh2 Nf4 16. Rfe1 Ng5 17. Bf1 f5 18. h4 Nxe4 19. Nxe4 fxe4 20. Rb3 Bf5 21. Rbe3 Qxh4 22. Qc3 Qf6 23. g4 Bd7 24. Rg3 Nd3 25. Re2 Nxf2 26. Rxe4 Nxe4 0-1

[Event "*** Titled Tuesday Blitz"]
[Site "Chess.com"]
[Date "2020.12.29"]
[Round "9"]
[White "Ajedrez_con_German"]
[Black "Godzillator"]
[Result "1/2-1/2"]
[WhiteElo "2523"]
[BlackElo "2354"]
[TimeControl "180+1"]
[EndTime "11:42:00 PST"]
[Termination "Game drawn by repetition"]

1. d4 d5 2. Bf4 c5 3. e3 cxd4 4. exd4 Nc6 5. c3 Nf6 6. Nf3 Bg4 7. Nbd2 e6 8. Bb5 Bd6 9. Bg3 O-O 10. O-O Bxg3 11. hxg3 Qc7 12. Re1 a6 13. Bd3 b5 14.
Rc1 Na5 15. Qc2 Bh5 16. Ne5 Bg6 17. Bxg6 hxg6 18. Qd3 Nc4 19. Ndxc4 bxc4 20. Qc2 Rab8 21. Re2 Rfc8 22. Rce1 Qb7 23. f3 Nd7 24. Nxd7 Qxd7 25. f4 Rb7 26. Qc1 Rcb8 27. Rd2 Qa4 28. a3 Qd7 29.
Ree2 Rb3 30. Qe1 R8b6 31. Qf2 Qb7 32. g4 Qd7 33. g3 a5 34. Kg2 a4 35. Re5 Qb7 36.
Ree2 Qd7 37. Qf3 Qb7 38. Qf2 Qd7 1/2-1/2

[Event "*** Titled Tuesday Blitz"]
[Site "Chess.com"]
[Date "2020.12.29"]
[Round "9"]
[White "Chamal_Gedgafov"]
[Black "Mikasinski"]
[Result "1-0"]
[WhiteElo "2260"]
[BlackElo "2513"]
[TimeControl "180+1"]
[EndTime "11:42:02 PST"]
[Termination "Chamal_Gedgafov won on time"]

1. e4 c5 2. Nf3 d6 3. d4 cxd4 4.
Nxd4 Nf6 5. Nc3 g6 6. Be3 Bg7 7.
f3 O-O 8. Qd2 Nc6 9. Bc4 Bd7 10.
h4 Rc8 11. Bb3 Ne5 12. h5 Nxh5 13. g4 Nf6 14. Bh6 Bxh6 15. Rxh6 Qb6 16. O-O-O a5 17. Rdh1 Rxc3 18. bxc3 Qc5 19. Rxh7 Nxh7 20. Qh6 Nd3+ 21. Kb1 1-0

[Event "*** Titled Tuesday Blitz"]
[Site "Chess.com"]
[Date "2020.12.29"]
[Round "9"]
[White "Flopezin"]
[Black "UCantHandleDenker"]
[Result "1-0"]
[WhiteElo "2390"]
[BlackElo "2541"]
[TimeControl "180+1"]
[EndTime "11:42:03 PST"]
[Termination "Flopezin won by resignation"]

1. c4 Nf6 2. Nc3 d6 3. e4 g6 4. d4 Bg7 5. Be2 O-O 6. Nf3 e5 7. d5 a5 8. Bg5 h6 9. Be3 Ng4 10. Bd2 f5 11. h3 Nf6 12. exf5 gxf5 13. Qc1 f4 14. g3 Bf5 15. gxf4 exf4 16. Bxf4 Re8 17.
Bxh6 Ne4 18. Rg1 Re7 19. Nxe4 Bxe4 20. Qc3 Qd7 21. O-O-O Na6 22. Bxg7 Rxg7 23. Rxg7+ Qxg7 24. Rg1 Bg6 25. Qxg7+ Kxg7 26. Nh4 1-0

[Event "*** Titled Tuesday Blitz"]
[Site "Chess.com"]
[Date "2020.12.29"]
[Round "9"]
[White "ElGasanov"]
[Black "amintabatabaei"]
[Result "1-0"]
[WhiteElo "2813"]
[BlackElo "2911"]
[TimeControl "180+1"]
[EndTime "11:42:06 PST"]
[Termination "ElGasanov won by resignation"]

1. d4 Nf6 2. Nf3 d5 3. c4 e6 4. e3 Be7 5. a3 O-O 6. b4 a5 7. b5 c5 8. Bb2 b6 9. Nbd2 Bb7 10.
Rc1 Nbd7 11. Bd3 cxd4 12. Nxd4 dxc4 13. Nxc4 Bxg2 14. Rg1 Bd5 15. Nc6 Qe8 16. Rxg7+ Kxg7 17. Qg4+ Kh8 18. Qh4 e5 19. N4xe5 Nc5 20. Qxh7+ Nxh7 21. Nxf7+ 1-0

[Event "*** Titled Tuesday Blitz"]
[Site "Chess.com"]
[Date "2020.12.29"]
[Round "9"]
[White "Leonid_Starozhilov"]
[Black "NateSolon"]
[Result "1-0"]
[WhiteElo "2639"]
[BlackElo "2509"]
[TimeControl "180+1"]
[EndTime "11:42:07 PST"]
[Termination "Leonid_Starozhilov won by resignation"]

1. c4 e6 2. Nc3 d5 3. d4 Nf6 4. Nf3 a6 5. c5 b6 6. cxb6 cxb6 7. Bf4 Be7 8. e3 O-O 9. Bd3 Nc6 10. Rc1 Bb7 11. h3 b5 12. O-O Qb6 13. Bb1 a5 14.
Ne5 g6 15. Bg5 Rfd8 16. Ne2 Rac8 17. Nf4 Kg7 18. Ng4 Ne4 19. Rxc6 1-0

[Event "*** Titled Tuesday Blitz"]
[Site "Chess.com"]
[Date "2020.12.29"]
[Round "9"]
[White "maximnovik"]
[Black "comsac"]
[Result "1-0"]
[WhiteElo "2598"]
[BlackElo "2408"]
[TimeControl "180+1"]
[EndTime "11:42:09 PST"]
[Termination "maximnovik won by resignation"]

1. d4 d5 2. c4 e6 3. Nc3 Nf6 4. cxd5 exd5 5. Bg5 Be7 6. e3 O-O 7. Bd3 c6 8. Nge2 Nbd7 9. O-O Re8 10. f3 Nf8 11. e4 dxe4 12. fxe4 Ne6 13. Bxf6 Bxf6 14. e5 Bg5 15. Kh1 g6 16. Bc4 b5 17. Bb3 b4 18.
Ne4 Ba6 19. Nd6 Rf8 20. Nxf7 Qe7 21. Nxg5 Qxg5 22. Bxe6+ Kg7 23. Rxf8 Rxf8 24. Ng3 h5 25. Qc1 Qe7 26. Qxc6 Bb7 27. Qd6 1-0

[Event "*** Titled Tuesday Blitz"]
[Site "Chess.com"]
[Date "2020.12.29"]
[Round "9"]
[White "Loy_Konstantin"]
[Black "Roza_Idrisova"]
[Result "1-0"]
[WhiteElo "2378"]
[BlackElo "2166"]
[TimeControl "180+1"]
[EndTime "11:42:10 PST"]
[Termination "Loy_Konstantin won by resignation"]

1. e4 c6 2. d4 d5 3. exd5 cxd5 4. c4 Nf6 5. Nc3 Nc6 6. Bg5 e6 7. Nf3 Be7 8. c5 O-O 9. Bb5 Ne4 10. Bxe7 Nxe7 11.
Rc1 Bd7 12. Bd3 f5 13. O-O b6 14. b4 a5 15. a3 axb4 16. axb4 bxc5 17. bxc5 Qa5 18.
Bxe4 fxe4 19. Ne5 Bb5 20. Nxb5 Qxb5 21. Rb1 Qa4 22. h3 Nc6 23. Qxa4 Rxa4 24. Nxc6 Ra2 25. Ne5 h5 26. c6 Ra4 27. c7 Ra7 28. Rfc1 1-0

[Event "*** Titled Tuesday Blitz"]
[Site "Chess.com"]
[Date "2020.12.29"]
[Round "9"]
[White "Gerryisplaying"]
[Black "FMOlexandrProhorov"]
[Result "1-0"]
[WhiteElo "2295"]
[BlackElo "2162"]
[TimeControl "180+1"]
[EndTime "11:42:23 PST"]
[Termination "Gerryisplaying won by resignation"]

1. d4 g6 2. e4 Bg7 3. Nc3 d6 4. Be3 c6 5. Qd2 b5 6. Bd3 Nd7 7. Nf3 Nb6 8. a4 b4 9. Ne2 a5 10. h3 Nf6 11. O-O O-O 12. Ng3 Qc7 13. Bh6 Re8 14.
Bxg7 Kxg7 15. e5 dxe5 16. dxe5 Nfd5 17. Qg5 c5 18. Nh5+ Kh8 19. Qh6 Rg8 20. Ng5 1-0

[Event "*** Titled Tuesday Blitz"]
[Site "Chess.com"]
[Date "2020.12.29"]
[Round "9"]
[White "Oleksandr_Bortnyk"]
[Black "Piotrek1979"]
[Result "1-0"]
[WhiteElo "2905"]
[BlackElo "2430"]
[TimeControl "180+1"]
[EndTime "11:42:25 PST"]
[Termination "Oleksandr_Bortnyk won by resignation"]

1. g4 e5 2. Bg2 h5 3. gxh5 Rxh5 4. d3 d5 5. Bxd5 Qxd5 6. e4 Qa5+ 7. Bd2 Qb6 8. Qxh5 Qxb2 9. Bc3 Bb4 10. Qxe5+ Be6 11.
Kd1 Bxc3 12. Qxc3 Qb6 13. Qxg7 Ne7 14. Ne2 Nbc6 15. Qh8+ Kd7 16. Qxa8 Qb2 17. Kd2 Qxa1 18. Qxb7 Qxa2 19. Nbc3 Qa5 20. Qb5 Qa3 21. d4 a6 22.
Qc5 Qxc5 23. dxc5 Ng6 24. f4 Bc4 25. h4 f5 26. h5 Nge7 27. h6 fxe4 28. h7 e3+ 29.
Kxe3 1-0

[Event "*** Titled Tuesday Blitz"]
[Site "Chess.com"]
[Date "2020.12.29"]
[Round "9"]
[White "vlad_Sid"]
[Black "Kislov_Oleg"]
[Result "0-1"]
[WhiteElo "2574"]
[BlackElo "2472"]
[TimeControl "180+1"]
[EndTime "11:42:25 PST"]
[Termination "Kislov_Oleg won by resignation"]

1. c4 e5 2. g3 Nf6 3. Bg2 c6 4. Nf3 e4 5. Nd4 d5 6. d3 c5 7.
Nb3 exd3 8. Qxd3 Be6 9. Nc3 d4 10. Bxb7 Nbd7 11. Ne4 Rb8 12. Nxf6+ Qxf6 13. Bc6 Bd6 14. Nd2 O-O 15. Bg2 Ne5 16. Qc2 Rb4 17. b3 d3 18. exd3 Nxd3+ 19. Qxd3 Qxa1 20. O-O Qd4 21. Qxd4 cxd4 22. Ba3 Rb6 23. Bb2 Bb4 24. Ne4 Rd8 25.
Rd1 d3 26. Bf1 d2 27. f3 Bf5 28. a3 Bxe4 29. fxe4 Bc5+ 30. Kg2 Rxb3 31. Bc1 dxc1=Q 32. Rxd8+ Bf8 0-1

[Event "*** Titled Tuesday Blitz"]
[Site "Chess.com"]
[Date "2020.12.29"]
[Round "9"]
[White "Kaslask"]
[Black "ClydeHillKid"]
[Result "0-1"]
[WhiteElo "2270"]
[BlackElo "2386"]
[TimeControl "180+1"]
[EndTime "11:42:28 PST"]
[Termination "ClydeHillKid won by resignation"]

1. e4 e6 2. d4 d5 3. Nc3 Nf6 4.
Qd3 Nc6 5. e5 Nd7 6. a3 f6 7.
exf6 Nxf6 8. Nf3 Bd6 9. Bg5 O-O 10. O-O-O a6 11. h3 b5 12. Ne2 b4 13. a4 a5 14. Ng3 Ba6 15. Qe3 Qd7 16. Bxa6 Rxa6 17.
Rhe1 Nd8 18. Ne5 Bxe5 19. Qxe5 Qxa4 20. Kb1 b3 21. cxb3 Qxb3 22. Qxc7 Rc6 23. Qe7 Qc2+ 24. Ka2 Rc4 25. Re3 Ra4+ 26. Ra3 Rxa3+ 27. Kxa3 Qxd1 28. Bxf6 gxf6 29. Nh5 Qxh5 0-1

[Event "*** Titled Tuesday Blitz"]
[Site "Chess.com"]
[Date "2020.12.29"]
[Round "9"]
[White "TheKingDoctor"]
[Black "zverr1"]
[Result "0-1"]
[WhiteElo "2200"]
[BlackElo "2425"]
[TimeControl "180+1"]
[EndTime "11:42:31 PST"]
[Termination "zverr1 won by checkmate"]

1. e4 c6 2. d4 d5 3. exd5 cxd5 4. c4 Nf6 5. Nc3 g6 6. Nf3 Bg7 7. Bd3 dxc4 8. Bxc4 O-O 9. O-O b6 10. Re1 Bb7 11. Ne5 Nc6 12. Nxc6 Bxc6 13. Bf4 e6 14. Qd2 Nd5 15. Bh6 Nxc3 16. bxc3 Bd5 17. Bxg7 Kxg7 18.
Bxd5 Qxd5 19. Re5 Qc4 20. Rae1 Rac8 21. R5e3 Rfd8 22. f4 Rd5 23. g3 b5 24. Kg2 h5 25.
Rb1 a5 26. Qb2 b4 27. cxb4 axb4 28. Qxb4 Qxb4 29. Rxb4 Rc2+ 30. Kf3 Rxa2 31. Re2 Ra3+ 32. Re3 Ra2 33. Re2 Ra1 34. Kg2 Rd1 35. Re4 Rd2+ 36. Kg1 Ra5 37. Re1 Raa2 38. Rb7 Rg2+ 39. Kf1 Raf2# 0-1

[Event "*** Titled Tuesday Blitz"]
[Site "Chess.com"]
[Date "2020.12.29"]
[Round "9"]
[White "Supernotar"]
[Black "GregShahade"]
[Result "1/2-1/2"]
[WhiteElo "2846"]
[BlackElo "2672"]
[TimeControl "180+1"]
[EndTime "11:42:35 PST"]
[Termination "Game drawn by repetition"]

1. d4 Nf6 2. c4 g6 3. Nc3 d5 4. cxd5 Nxd5 5. e4 Nxc3 6. bxc3 Bg7 7. Be3 c5 8. Nf3 Bg4 9. Qd2 Bxf3 10. gxf3 O-O 11. Be2 Qa5 12. Rc1 Rd8 13. d5 Nd7 14. O-O c4 15. Bxc4 Rac8 16. Be2 Bxc3 17. Qd3 Bg7 18. Qd2 Qa3 19. Rxc8 Rxc8 20. Rc1 Rxc1+ 21. Qxc1 Qxa2 22. Qc7 Qxe2 23. Qxd7 Qxf3 24. Qxe7 Qd1+ 25. Kg2 Qg4+ 26. Kf1 Qd1+ 27. Kg2 Qg4+ 28. Kf1 Qd1+ 29.
Kg2 1/2-1/2

[Event "*** Titled Tuesday Blitz"]
[Site "Chess.com"]
[Date "2020.12.29"]
[Round "9"]
[White "chescomhuynya"]
[Black "IMUffeVinther-Schou"]
[Result "0-1"]
[WhiteElo "2560"]
[BlackElo "2413"]
[TimeControl "180+1"]
[EndTime "11:42:46 PST"]
[Termination "IMUffeVinther-Schou won by resignation"]

1. d4 Nf6 2. c4 e6 3. g3 c5 4. Nf3 cxd4 5. Nxd4 Nc6 6. Bg2 Qb6 7.
Nxc6 bxc6 8. O-O d5 9. Nc3 Be7 10. cxd5 cxd5 11. e4 O-O 12. exd5 exd5 13. Nxd5 Nxd5 14.
Qxd5 Ba6 15. Be3 Qxb2 16. Rfb1 Qa3 17. Qxa8 Rxa8 18. Bxa8 h5 19. Rb8+ Kh7 20. Be4+ g6 21.
Bd4 f6 22. Re1 Qd6 23. Be3 Qxb8 24. Rd1 Qe5 25. Bf3 Bb5 26. Rd5 Qa1+ 27. Rd1 Qxa2 28.
Kg2 Qe6 29. Rc1 a6 30. h4 Qf5 31. Rc5 Bf1+ 32. Kxf1 Qxf3 33. Rc7 Qe4 34. Bc5 Qd3+ 35. Kg2 Qd5+ 36. Kh2 Qxc5 37. Rd7 a5 38. g4 a4 39. gxh5 gxh5 40. f4 a3 41. f5 a2 42. Rd1 Qc2+ 0-1

[Event "*** Titled Tuesday Blitz"]
[Site "Chess.com"]
[Date "2020.12.29"]
[Round "9"]
[White "ulkaf961"]
[Black "Ladislav1969"]
[Result "0-1"]
[WhiteElo "2289"]
[BlackElo "2402"]
[TimeControl "180+1"]
[EndTime "11:42:47 PST"]
[Termination "Ladislav1969 won by resignation"]

1. d4 Nf6 2. c4 g6 3. Nc3 d5 4. cxd5 Nxd5 5. e4 Nxc3 6. bxc3 c5 7. Be3 Bg7 8. Qd2 cxd4 9. cxd4 Nc6 10. Nf3 Bg4 11.
Rd1 Bxf3 12. gxf3 O-O 13. Bc4 e5 14. d5 Nd4 15. Bxd4 exd4 16. f4 Rc8 17. Bb3 Qh4 18.
Kf1 Rc3 19. e5 Rf3 20. d6 Rxf4 21. Re1 Qh3+ 22. Ke2 Bh6 23. Kd1 Rxf2 24. Qxd4 Qf3+ 0-1

[Event "*** Titled Tuesday Blitz"]
[Site "Chess.com"]
[Date "2020.12.29"]
[Round "9"]
[White "profofchess"]
[Black "szabadaba"]
[Result "0-1"]
[WhiteElo "2404"]
[BlackElo "2585"]
[TimeControl "180+1"]
[EndTime "11:42:52 PST"]
[Termination "szabadaba won by resignation"]

1. e4 c6 2. Nf3 d5 3. Nc3 dxe4 4. Nxe4 Nd7 5. Bc4 Ngf6 6. Neg5 Nd5 7. Qe2 h6 8. Ne4 N7f6 9. Ne5 Bf5 10. d3 e6 11.
O-O Qc7 12. Nxf6+ gxf6 13. Nf3 Bg4 14. h3 Bh5 15. Qe4 f5 16. Qe5 Qxe5 17. Nxe5 Bg7 18. f4 O-O-O 19. Bd2 Rhg8 20. Rae1 Bf6 21. Be3 Nxe3 22.
Rxe3 Kc7 23. g3 b5 24. Bb3 a5 25. a4 Be7 26. Kh2 Bc5 27. Re2 Bxe2 0-1

[Event "*** Titled Tuesday Blitz"]
[Site "Chess.com"]
[Date "2020.12.29"]
[Round "9"]
[White "MelihKaanCan"]
[Black "andriipalchuk"]
[Result "0-1"]
[WhiteElo "2330"]
[BlackElo "2495"]
[TimeControl "180+1"]
[EndTime "11:42:52 PST"]
[Termination "andriipalchuk won on time"]

1. e4 c6 2. d4 d5 3. e5 c5 4.
dxc5 e6 5. a3 Bxc5 6. b4 Bb6 7.
Nf3 Nc6 8. Bb2 Nge7 9. Bd3 Ng6 10.
g3 O-O 11. h4 f6 12. exf6 gxf6 13. h5 Nge5 14. Nbd2 Nxd3+ 15. cxd3 e5 16. Nh4 f5 17. Nb3 Re8 18. Qd2 Be6 19. Nc5 Bxc5 20. bxc5 d4 21. O-O Qf6 22. f4 e4 23. dxe4 fxe4 24. f5 Bc4 25.
Rf4 Rad8 26. Re1 e3 27. Qc1 Bf7 28. Rxe3 Rxe3 29. Qxe3 dxe3 30. Bxf6 Rd1+ 31. Kg2 e2 32. Nf3 Bd5 33. Rg4+ Kf8 34. Bg7+ Kf7 35. Kf2 Bxf3 0-1

[Event "*** Titled Tuesday Blitz"]
[Site "Chess.com"]
[Date "2020.12.29"]
[Round "9"]
[White "Chessmatus"]
[Black "Ze-Pequeno"]
[Result "1-0"]
[WhiteElo "2457"]
[BlackElo "2335"]
[TimeControl "180+1"]
[EndTime "11:42:53 PST"]
[Termination "Chessmatus won on time"]

1. e4 e5 2. Nf3 Nc6 3. Bb5 a6 4. Ba4 Nf6 5. O-O Be7 6. Re1 b5 7. Bb3 d6 8. a4 b4 9. d4 O-O 10.
dxe5 Nxe5 11. Nxe5 dxe5 12. Qf3 Bb7 13. Nd2 Nd7 14.
a5 Nc5 15. Bc4 Qd4 16. c3 bxc3 17. bxc3 Qd6 18. Nf1 Rad8 19. Ng3 Qf6 20. Qxf6 Bxf6 21. Ba3 Be7 22. Nf5 Bd6 23. f3 g6 24. Ne3 c6 25.
Bb4 Bc8 26. Red1 Nb7 27. Bxa6 c5 28. Ba3 c4 29. Bxd6 Nxd6 30. Bxc8 Nxc8 31. Rxd8 Rxd8 32.
Nd5 f6 33. a6 Na7 34. Rb1 Rxd5 35. exd5 1-0

[Event "*** Titled Tuesday Blitz"]
[Site "Chess.com"]
[Date "2020.12.29"]
[Round "9"]
[White "GMJustin"]
[Black "pastouche06"]
[Result "0-1"]
[WhiteElo "2302"]
[BlackElo "2507"]
[TimeControl "180+1"]
[EndTime "11:43:00 PST"]
[Termination "pastouche06 won on time"]

1. d4 Nf6 2. c4 e6 3. Nc3 Bb4 4. e3 O-O 5. a3 Bxc3+ 6. bxc3 c5 7. Bd3 b6 8. e4 Ne8 9. Nf3 Nc6 10. d5 Na5 11. e5 Ba6 12. Bxh7+ Kxh7 13. Ng5+ Kg6 14. Qd3+ f5 15. Qh3 Qxg5 16. Bxg5 Kxg5 17. Qh7 Nxc4 18.
O-O Nxe5 19. f4+ Kf6 20. Qh4+ Kf7 21. fxe5 Bxf1 22. Rxf1 Nc7 23. d6 Nd5 24. c4 Nc3 25. Qe7+ Kg8 26. Rf3 Rf7 27. Qh4 g5 28. Qh6 Ne2+ 29.
Kf2 g4 30. Qg6+ Rg7 0-1

[Event "*** Titled Tuesday Blitz"]
[Site "Chess.com"]
[Date "2020.12.29"]
[Round "9"]
[White "Alexander_Zubov"]
[Black "alexrustemov"]
[Result "1-0"]
[WhiteElo "2923"]
[BlackElo "2677"]
[TimeControl "180+1"]
[EndTime "11:43:02 PST"]
[Termination "Alexander_Zubov won on time"]

1. d4 d5 2. c4 e6 3. Nf3 Nf6 4. Nc3 Be7 5. Bg5 h6 6. Bh4 O-O 7. e3 b6 8. Rc1 Bb7 9. a3 c5 10. dxc5 bxc5 11. Be2 Nbd7 12. O-O Nb6 13. cxd5 exd5 14.
Qc2 Rc8 15. Rfd1 Qd7 16. Bd3 Qc6 17. Bg3 Rfd8 18. Nb5 c4 19. Nxa7 cxd3 20. Qxc6 Bxc6 21.
Nxc6 Kf8 22. Nxd8 1-0

[Event "*** Titled Tuesday Blitz"]
[Site "Chess.com"]
[Date "2020.12.29"]
[Round "9"]
[White "Xeslu"]
[Black "Alexey_Ustinov"]
[Result "1/2-1/2"]
[WhiteElo "2306"]
[BlackElo "2442"]
[TimeControl "180+1"]
[EndTime "11:43:04 PST"]
[Termination "Game drawn by repetition"]

1. e4 d5 2. exd5 Qxd5 3. Nf3 Nf6 4. c4 Qa5 5. Be2 Nc6 6. O-O Bg4 7. h3 Bh5 8. d4 O-O-O 9. d5 Bxf3 10. Bxf3 Ne5 11.
Nd2 Nxf3+ 12. Qxf3 Qa6 13. b3 e6 14. dxe6 Qxe6 15.
Rd1 Bb4 16. Nf1 Rxd1 17. Qxd1 Rd8 18. Qf3 Qe4 19. Qxe4 Nxe4 20. Be3 Bc5 21. Bxc5 Nxc5 22. Re1 Kd7 23. Rd1+ Ke7 24. Rxd8 Kxd8 25. Ne3 c6 26.
Kf1 Nd3 27. a3 a5 28. Nc2 Nc1 29. b4 axb4 30. axb4 Kd7 31. Ke1 b6 32. Kd2 Nb3+ 33. Kc3 Nc1 34. Kd2 Nb3+ 35. Kc3 Nc1 36. Kd2 1/2-1/2

[Event "*** Titled Tuesday Blitz"]
[Site "Chess.com"]
[Date "2020.12.29"]
[Round "9"]
[White "FishThatRoared"]
[Black "Alexandercs432"]
[Result "1-0"]
[WhiteElo "2117"]
[BlackElo "2180"]
[TimeControl "180+1"]
[EndTime "11:43:09 PST"]
[Termination "FishThatRoared won on time"]

1. e4 c5 2. d4 cxd4 3. c3 d5 4. exd5 Qxd5 5. cxd4 e6 6. Nf3 Nf6 7. Bd3 Be7 8. O-O O-O 9. Nc3 Qd6 10. Re1 Nc6 11. a3 a6 12. Bg5 b5 13. Bc2 Bb7 14.
Qd3 g6 15. Rad1 Rfe8 16. Bxf6 Bxf6 17. Ne4 Qe7 18. Nc5 Rad8 19. Nxb7 Qxb7 20. Qe4 Qb6 21. Qf4 1-0

[Event "*** Titled Tuesday Blitz"]
[Site "Chess.com"]
[Date "2020.12.29"]
[Round "9"]
[White "Andrakhanova"]
[Black "ChrisTool2"]
[Result "1-0"]
[WhiteElo "2267"]
[BlackElo "2359"]
[TimeControl "180+1"]
[EndTime "11:43:11 PST"]
[Termination "Andrakhanova won by checkmate"]

1. c4 c5 2. g3 Nf6 3. Bg2 e6 4. Nf3 d6 5. O-O Be7 6. d4 cxd4 7. Nxd4 O-O 8. Nc3 a6 9. b3 Qc7 10. Bb2 Nbd7 11. Rc1 Ne5 12. Qc2 Bd7 13. Rfd1 Rad8 14.
h3 Qb6 15. Kh2 Rc8 16. f4 Ng6 17. e4 h5 18. f5 Ne5 19. fxe6 fxe6 20. Nf3 Nxf3+ 21.
Bxf3 h4 22. Qg2 Nh7 23. Bg4 Bg5 24. Rc2 hxg3+ 25. Kh1 Rf2 26. Rxf2 gxf2 27. Rf1 Rf8 28. Nd1 Bh4 29. Bxe6+ Rf7 30. Qxg7# 1-0

[Event "*** Titled Tuesday Blitz"]
[Site "Chess.com"]
[Date "2020.12.29"]
[Round "9"]
[White "eightbyeightchess"]
[Black "chess4life23"]
[Result "1-0"]
[WhiteElo "2378"]
[BlackElo "2249"]
[TimeControl "180+1"]
[EndTime "11:43:12 PST"]
[Termination "eightbyeightchess won by checkmate"]

1. e4 c6 2. d4 d5 3. e5 Bf5 4. h4 h5 5. Bd3 e6 6. Bxf5 exf5 7. Ne2 Na6 8. Ng3 g6 9. Qe2 Be7 10. e6 Bxh4 11. Nc3 Bxg3 12. fxg3 Qe7 13. exf7+ Kxf7 14. O-O Qxe2 15. Nxe2 Nb4 16. c3 Nc2 17. Rb1 Re8 18. Nf4 Nf6 19. Nd3 Ng4 20. Bf4 Re2 21. b4 Nce3 22. Bxe3 Rxe3 23. Rf3 Re2 24. b5 Rhe8 25. bxc6 bxc6 26. Nf4 Re1+ 27. Rf1 Rxb1 28. Rxb1 Re7 29. Kf1 Ne3+ 30. Kf2 Kf6 31. Rb8 Nd1+ 32. Kf1 Nxc3 33.
Rc8 Nxa2 34. Rxc6+ Kg5 35. Rxg6# 1-0

[Event "*** Titled Tuesday Blitz"]
[Site "Chess.com"]
[Date "2020.12.29"]
[Round "9"]
[White "DryCounty"]
[Black "ckgchess"]
[Result "1-0"]
[WhiteElo "2645"]
[BlackElo "2765"]
[TimeControl "180+1"]
[EndTime "11:43:13 PST"]
[Termination "DryCounty won by resignation"]

1. e4 c5 2. Nf3 d6 3. d4 cxd4 4.
Nxd4 Nf6 5. Nc3 g6 6. Be2 Bg7 7. O-O Nc6 8. Nb3 O-O 9. Bg5 Be6 10. f4 a6 11. Kh1 Rc8 12. a4 Re8 13. f5 Bxb3 14. cxb3 Nb4 15. a5 Nc6 16. fxg6 hxg6 17. Ra4 Nxa5 18. e5 Nh7 19. Bh4 Bxe5 20. Qd5 e6 21.
Qxa5 Qxa5 22. Rxa5 Bxc3 23. bxc3 Rxc3 24. b4 Re3 25. Bf3 Rb3 26. Be1 d5 27. Be2 Rc8 28. b5 Rc2 29. Bd1 Rxb5 30. Rxb5 Rc1 31. Bd2 1-0

[Event "*** Titled Tuesday Blitz"]
[Site "Chess.com"]
[Date "2020.12.29"]
[Round "9"]
[White "AniJak"]
[Black "chessuriel"]
[Result "1-0"]
[WhiteElo "2349"]
[BlackElo "2233"]
[TimeControl "180+1"]
[EndTime "11:43:14 PST"]
[Termination "AniJak won by resignation"]

1. e4 c5 2. Nc3 e6 3. g3 Nc6 4.
Bg2 Nf6 5. d3 d6 6. Nge2 Be7 7.
O-O O-O 8. h3 Rb8 9. g4 b5 10.
Ng3 Nd4 11. f4 b4 12. Nce2 Nxe2+ 13. Qxe2 Ba6 14. f5 Nd7 15. Nh5 Bg5 16. f6 Bxc1 17. fxg7 Re8 18. Raxc1 Qg5 19. Qf2 Ne5 20. Nf6+ Kxg7 21.
Nxe8+ Rxe8 22. b3 Rg8 23. Kh1 Rh8 24. Bf3 Kf8 25. Ra1 h5 26. gxh5 Rh6 27. a3 Rf6 28. Qg2 Nxf3 29. Qxg5 1-0

[Event "*** Titled Tuesday Blitz"]
[Site "Chess.com"]
[Date "2020.12.29"]
[Round "9"]
[White "Michaelson_11"]
[Black "Abdimalik_Abdisalimov"]
[Result "1-0"]
[WhiteElo "2204"]
[BlackElo "2400"]
[TimeControl "180+1"]
[EndTime "11:43:14 PST"]
[Termination "Michaelson_11 won by resignation"]

1. e4 e5 2. Nf3 Nc6 3. Nc3 Nf6 4. Bb5 Bb4 5. O-O O-O 6. Nd5 Nxd5 7.
exd5 Nd4 8. Nxd4 exd4 9. Qg4 Bc5 10. b4 Bb6 11. Bb2 c6 12. Bc4 d6 13. Qf3 Bd7 14. a4 a5 15. c3 dxc3 16. Qxc3 Qg5 17. h4 axb4 18. Qxb4 Qxh4 19. dxc6 Bc5 20. Bxf7+ Rxf7 21. Qxh4 Bxc6 22. d4 Bb6 23. Bc3 Bxa4 24. Rfb1 Bd8 25. Rxa4 Bxh4 26. Rxa8+ Rf8 27. Rxf8+ Kxf8 28. Rxb7 1-0

[Event "*** Titled Tuesday Blitz"]
[Site "Chess.com"]
[Date "2020.12.29"]
[Round "9"]
[White "ChessWarrior7197"]
[Black "DenLaz"]
[Result "1-0"]
[WhiteElo "2928"]
[BlackElo "2827"]
[TimeControl "180+1"]
[EndTime "11:43:22 PST"]
[Termination "ChessWarrior7197 won by resignation"]

1. c4 c6 2. Nf3 d5 3. g3 Nf6 4.
Bg2 Bf5 5. Qb3 Qb6 6. d3 e6 7.
Be3 Qxb3 8. axb3 a6 9. Nh4 Bg6 10.
h3 Nbd7 11. Nd2 Bd6 12. Kd1 O-O 13. Kc2 e5 14. Nxg6 hxg6 15. Nf3 Rfe8 16. Ng5 Nf8 17. Ra5 Bc7 18. Ra4 Ne6 19. Nxe6 Rxe6 20. Bg5 e4 21. cxd5 cxd5 22. dxe4 Nxe4 23. Bxe4 dxe4 24. Rd1 Bb6 25. Be3 Bxe3 26. fxe3 Re7 27. Rc4 f5 28. h4 Kf7 29. Rd6 Rae8 30. Rb6 Rd8 31. b4 Rd5 32.
Rc5 Rxc5+ 33. bxc5 Rc7 34. b4 a5 35. Kb3 axb4 36. Kxb4 Rd7 37. Kc4 Rc7 38. Rd6 Ke8 39.
Kb5 Rd7 40. Rxg6 Kd8 41. Kb6 Kc8 42. h5 Rf7 43. h6 gxh6 44. Rg8+ Kd7 45. Kxb7 Ke6+ 46.
Kb6 Kd5 47. c6 Rf6 48. Rd8+ Kc4 49. Kb7 1-0

[Event "*** Titled Tuesday Blitz"]
[Site "Chess.com"]
[Date "2020.12.29"]
[Round "9"]
[White "GigaQuparadze"]
[Black "area_5"]
[Result "1-0"]
[WhiteElo "2889"]
[BlackElo "2771"]
[TimeControl "180+1"]
[EndTime "11:43:22 PST"]
[Termination "GigaQuparadze won by resignation"]

1. e4 e6 2. Qe2 c5 3. h4 Nc6 4.
c3 Nge7 5. g3 b6 6. Bg2 Bb7 7. Nf3 d5 8. exd5 Nxd5 9. O-O Be7 10. Na3 O-O 11. Nc4 Bf6 12. d3 h6 13. Nce5 Qc7 14.
Ng4 Be7 15. Re1 Rfd8 16. Nfe5 Nf6 17. Nxf7 Kxf7 18. Qxe6+ Kf8 19. Nxh6 Bd6 20. Bg5 Re8 21. Qf5 Ne7 22. Rxe7 Rxe7 23. Bxf6 gxf6 24. Qxf6+ Ke8 25. Nf5 Bxg2 26. Nxd6+ Kd7 27. Nf5 Re2 28. Kxg2 Qc6+ 29. Qxc6+ Kxc6 30. b4 Rf8 31. g4 Rd2 32. bxc5 Kxc5 33.
d4+ Kc4 34. h5 Kxc3 35. h6 Kb2 36. Rh1 Rc2 37. h7 Rcc8 38. Ne7 Ra8 39. Ng6 Rf6 40. Ne5 Rff8 41. g5 Kxa2 42. g6 b5 43. g7 b4 44. h8=Q Rxh8 45. Rxh8 Rxh8 46. gxh8=Q b3 47. Nd3 b2 48. Nxb2 Kxb2 49. Qb8+ 1-0

[Event "*** Titled Tuesday Blitz"]
[Site "Chess.com"]
[Date "2020.12.29"]
[Round "9"]
[White "Harsha_Bharathakoti"]
[Black "goldenpuppy"]
[Result "1-0"]
[WhiteElo "2801"]
[BlackElo "2393"]
[TimeControl "180+1"]
[EndTime "11:43:25 PST"]
[Termination "Harsha_Bharathakoti won by resignation"]

1. d4 Nf6 2. c4 e6 3. Nc3 Bb4 4.
e3 O-O 5. Bd2 d5 6. Nf3 c5 7.
Rc1 Nc6 8. a3 Bxc3 9. Bxc3 cxd4 10. Nxd4 dxc4 11. Nxc6 Qxd1+ 12. Rxd1 bxc6 13. Bxc4 c5 14.
f3 Bb7 15. e4 Rad8 16. Ke2 Rfe8 17. Bb5 Rxd1 18. Rxd1 Rc8 19. g4 a6 20. Bc4 h6 21.
h4 Bc6 22. Bxa6 Rb8 23. g5 hxg5 24. hxg5 Nd7 25. Rd6 Rb6 26. Bd3 Kf8 27. e5 Ke7 28. f4 g6 29. Kd2 Nb8 30. a4 Rb7 31. a5 Ra7 32. a6 Bd5 33. Ba5 Nd7 34. Kc3 Ra8 35. Bb5 Ra7 36. b3 Ke8 37. Bb6 1-0